 Dungeon Crawl Stone Soup version 0.29-a0-901-g46a8461d6a (webtiles) character file.

Game seed: 1221742657169555623

401 Aviak the Changer (level 7, 0/59 HPs)
             Began as a Meteoran Transmuter on July 23, 2022.
             Slain by a gnoll sergeant
             ... wielding a +2 spear of pain
              (11 damage)
             ... on level 5 of the Dungeon.
             The game lasted 00:06:46 (2399 turns).

Aviak the Changer (Meteoran Transmuter)             Turns: 2399, Time: 00:06:47

Health: 0/59       AC:  5    Str: 14    XL:     7   Next: 33%
Magic:  12/12      EV: 10    Int: 15    God:
Gold:   216        SH:  9    Dex: 14    Spells: 2/12 levels left

rFire   + . .      SeeInvis .   f - +1 morningstar (flame)
rCold   . . .      Faith    .   i - +0 kite shield
rNeg    . . .      Spirit   .   a - +0 robe
rPois   .          Reflect  .   (no helmet)
rElec   .          Harm     .   (no cloak)
rCorr   .          Rampage  .   n - +0 pair of gloves
Will    .....                   (no boots)
Stlth   +.........              (no amulet)
HPRegen 0.19/turn               F - ring of protection from fire
MPRegen 0.13/turn               (no ring)

@: lethally poisoned (0 -> -17), glowing
A: sense surroundings 1, otherworldly, glowing, explore regen, iridescent scales
1
a: no special abilities


You were on level 5 of the Dungeon.
You visited 1 branch of the dungeon, and saw 5 of its levels.

You collected 216 gold pieces.

Inventory:

Hand Weapons
 f - a +1 morningstar of flaming (weapon)
Armour
 a - a +0 robe (worn)
 c - a +1 helmet
 i - a +0 kite shield (worn)
 n - a +0 pair of gloves (worn)
Jewellery
 F - a ring of protection from fire (left hand)
Wands
 m - a wand of mindburst (12)
Scrolls
 d - a scroll of blinking {unknown}
 h - 2 scrolls of enchant weapon {unknown}
 j - 3 scrolls of identify {unknown}
 o - a scroll of noise {unknown}
 p - 3 scrolls of enchant armour {unknown}
 q - a scroll of fear {unknown}
 t - a scroll of teleportation
Potions
 b - a potion of lignification {!q}
 g - 2 potions of mutation {!q}
 r - a potion of heal wounds {unknown}


   Skills:
 - Level 4.0 Fighting
 - Level 2.4 Dodging
 + Level 3.2 Shields
 - Level 3.6 Unarmed Combat
 - Level 3.0 Spellcasting
 + Level 6.1 Transmutations


You had 2 spell levels left.
You knew the following spells:

 Your Spells              Type           Power      Damage    Failure   Level
a - Beastly Appendage     Tmut           40%        N/A       4%          1
b - Wereblood             Tmut           20%        N/A       8%          2
c - Spider Form           Tmut/Pois      11%        N/A       45%         3
d - Ice Form              Ice/Tmut       11%        N/A       86%         4

Your spell library contained the following spells:

 Spells                   Type           Power      Damage    Failure   Level
 Summon Small Mammal      Summ           8%         N/A       52%         1
 Call Canine Familiar     Summ           2%         N/A       88%         3
 Gell's Gravitas          Tloc           2%         N/A       88%         3
 Summon Guardian Golem    Hex/Summ       2%         N/A       88%         3
 Teleport Other           Tloc           2%         N/A       88%         3
 Tukima's Dance           Hex            2%         N/A       88%         3
 Passage of Golubria      Tloc           2%         N/A       99%         4
 Yara's Violent Unravell  Hex/Tmut       5%         3d4       99%         5
 Dispersal                Tloc           1%         N/A       100%        6


Dungeon Overview and Level Annotations

Branches:
Dungeon (5/15) Zot: 506
 Temple: D:4-7

Altars:
Ashenzari
Ru


Innate Abilities, Weirdness & Mutations

You passively map a small area around you.
You are easily found by Zot.
You glow in the dark.
You regain HP and MP as you explore.
You are partially covered in iridescent scales. (AC +2)


Message History

You kill the iguana!
You see here an iguana corpse.
Okay, then.
There is an open door here.
There is an open door here.
The gnoll sergeant shouts!
The gnoll shouts!
You hear an angry hiss.
Things that are here:
a +0 robe; a +0 dagger; an orc skeleton The gnoll sergeant barely misses you.
The gnoll shouts!
You hit the gnoll sergeant. You burn the gnoll sergeant.
The gnoll sergeant is lightly wounded.
The gnoll sergeant hits you with a +2 spear of pain.
The gnoll sergeant barely misses you. You block the gnoll's attack.
You sock the gnoll sergeant! You burn the gnoll sergeant.
The gnoll sergeant is heavily wounded.
You block the gnoll's attack.
The gnoll sergeant hits you with a +2 spear of pain.
You hit the gnoll sergeant but do no damage.
The gnoll sergeant is heavily wounded.
The gnoll closely misses you.
The gnoll sergeant hits you with a +2 spear of pain!
You writhe in agony.
You block the gnoll sergeant's attack.
The gnoll hits you from afar with a +1 halberd of venom.
You are poisoned.
You puncture the gnoll sergeant! You burn the gnoll sergeant.
The gnoll sergeant is almost dead.
You feel very sick.
The gnoll hits you from afar with a +1 halberd of venom!
You are more poisoned.
You block the gnoll sergeant's attack. The gnoll sergeant barely misses you.
The gnoll hits you but does no damage.
You are lethally poisoned!
You feel extremely sick. The gnoll sergeant barely misses you.
You barely miss the gnoll.
* * * LOW HITPOINT WARNING * * *
You feel extremely sick.
The gnoll sergeant hits you from afar with a +2 spear of pain!
You die...

*
*#.......#.....................
#.......#........<.....#####+#
#.......#...#######....# , ..
#.......#...####.##....#......
,,#...#..........#......
#...#..........#...... ,
#...#..........#......
,#...#..........#...... ,
#...#@.)[......#...... ,,
######g[.##....#...... ,,
#...##g[)##....'...... , ,
#...#....#######......
#...'....#..[......... *
,#...#....#>...........
...'...#....#............
...#...#....#......####'# ..
#...#....#......#.....


You could see a gnoll sergeant and a gnoll.

Vanquished Creatures
  A phantom (D:5)
  A howler monkey (D:4)
  An orc priest (D:5)
  A jelly (D:4)
  Jessica (D:3)
  2 iguanas (D:5)
  2 orc wizards
  Robin (D:3)
  2 adders (D:5)
  A gnoll (D:5)
  4 dart slugs
  8 orcs
  6 endoplasms
  12 goblins
  2 hobgoblins (D:3)
  3 quokkas
  4 ball pythons
  A bat (D:3)
  3 frilled lizards
  6 kobolds
  3 rats
65 creatures vanquished.

Vanquished Creatures (others)
  A fungus (D:5)
  12 plants (D:3)
13 creatures vanquished.

Grand Total: 78 creatures vanquished

Notes
Turn   | Place    | Note
-------+----------+-------------------------------------------
     0 | D:1      | Aviak the Meteoran Transmuter began the quest for the Orb.
     0 | D:1      | Reached XP level 1. HP: 16/16 MP: 5/5
   447 | D:2      | Reached XP level 2. HP: 22/23 MP: 6/6
   601 | D:2      | Reached skill level 3 in Transmutations
   649 | D:2      | Learned a level 2 spell: Wereblood
   679 | D:2      | Reached XP level 3. HP: 27/29 MP: 8/8
   799 | D:2      | Found a faded altar of an unknown god.
  1089 | D:3      | Reached XP level 4. HP: 37/37 MP: 9/9
  1097 | D:3      | Noticed Robin
  1107 | D:3      | Killed Robin
  1291 | D:3      | Noticed Jessica
  1300 | D:3      | Killed Jessica
  1301 | D:3      | Reached skill level 4 in Transmutations
  1301 | D:3      | Reached XP level 5. HP: 36/45 MP: 10/10
  1411 | D:4      | Reached skill level 5 in Transmutations
  1411 | D:4      | Reached XP level 6. HP: 47/52 MP: 11/11
  1449 | D:4      | Learned a level 3 spell: Spider Form
  1454 | D:4      | Learned a level 4 spell: Ice Form
  1721 | D:4      | Found a sacrificial altar of Ru.
  1813 | D:5      | Entered Level 5 of the Dungeon
  1887 | D:5      | Reached skill level 1 in Shields
  2000 | D:5      | Gained mutation: You are partially covered in iridescent
                  | scales. (AC +2) [potion of mutation]
  2006 | D:5      | Reached XP level 7. HP: 14/59 MP: 12/12
  2170 | D:5      | Reached skill level 6 in Transmutations
  2253 | D:5      | Found a broken altar of Ashenzari.
  2399 | D:5      | Slain by a gnoll sergeant

Illustrated notes

Levels and vault maps discovered:
D:1:      dreamdust_arrival_sigmund_warning, layout_loops_cross
D:2:      layout_loops_ring, shapermc_ecumenical_altar_venn, minmay_pentomino_u2
D:3:      layout_loops_ring, kennysheep_nub, kennysheep_boxes, uniq_jessica,
          uniq_robin
D:4:      layout_gridville, grunt_temple_overflow_order_and_chaos_2,
          lemuel_coloured_pillars_altar, lightli_corner_chamber
D:5:      layout_gridville, mainiacjoe_overflow_tiny_flanked

Skill      XL: |  1  2  3  4  5  6  7 |
---------------+----------------------+-----
Spellcasting   | 3 |  3.0
Transmutations | 3 4 5 6 |  6.1
Fighting       | 2 3 4 |  4.0
Shields        | 2 3 |  3.2
Dodging        | |  2.4
Unarmed Combat | |  3.6

Action                   |  1- 3 |  4- 6 |  7- 9 || total
-------------------------+-------+-------+-------++-------
Melee: Unarmed           |     6 |       |       ||     6
       Morningstar       |    51 |    65 |    30 ||   146
       Kick              |     4 |    10 |       ||    14
       Headbutt          |     4 |     8 |       ||    12
 Cast: Beastly Appendage |     8 |     6 |       ||    14
       Wereblood         |     1 |     1 |       ||     2
Evoke: Wand              |       |     1 |       ||     1
  Use: Potion            |       |     4 |     1 ||     5
       Scroll            |       |       |     1 ||     1
Armor: Robe              |    12 |    18 |     7 ||    37
       Skin              |       |    20 |    31 ||    51
Dodge: Dodged            |    27 |    20 |    10 ||    57
Block: Kite shield       |    11 |    38 |    23 ||    72

Table legend: (Time is in decaauts)
 A = Elapsed time spent in this place.
 B = Non-inter-level travel time spent in this place.
 C = Inter-level travel time spent in this place.
 D = Time resting spent in this place.
 E = Time spent auto-exploring this place.
 F = Levels seen in this place.
 G = Mean time per level.
                   A        B        C        D        E       F      G
               +--------+--------+--------+--------+--------+-----+--------+
         Total |   2491 |   2327 |    164 |    230 |   1251 |   5 |  498.2 |
       Dungeon |   2491 |   2327 |    164 |    230 |   1251 |   5 |  498.2 |
               +--------+--------+--------+--------+--------+-----+--------+

Top non-repeatable levels by time:
     D:5: 597 daAuts
     D:2: 562 daAuts
     D:3: 521 daAuts
     D:1: 429 daAuts
     D:4: 380 daAuts
